 Dungeon Crawl Stone Soup version 0.26-a0-1222-g14533b3512 (webtiles) character file.

Game seed: 9442049934576835876

(classic levelgen) 261001 EnegeticOcto the Severer (level 18, -2/176 HPs)
             Began as a Minotaur Fighter on Dec 31, 2020.
             Was the Champion of Ru.
             Killed by divine providence
             ... invoked by a yellow draconian stormcaller
              (15 damage)
             ... on level 5 of the Depths.
             The game lasted 00:19:39 (25695 turns).

EnegeticOcto the Severer (Minotaur Fighter)        Turns: 25695, Time: 00:19:39

Health: -2/176     AC: 39    Str: 25    XL:     18   Next: 72%
Magic:  17/17      EV: 16    Int:  9    God:    Ru [******]
Gold:   340        SH: 20    Dex: 16    Spells: 17/17 levels left

rFire    + + .     SeeInvis .   G - +4 broad axe (distort)
rCold    + . .     Faith    .   c - +1 kite shield
rNeg     . . .     Spirit   .   D - +9 plate armour of Benevolence {Int+4 Dex-2 Slay+5 Stlth-}
rPois    .         Reflect  +   K - +2 hat {Will+}
rElec    +         Harm     .   o - +2 cloak
rCorr    +         Rampage  .   E - +2 pair of gloves {Dex+3}
Will     ++...                  f - +2 pair of boots
Stlth    ..........             H - amulet of Sumuny {Reflect rElec Dex+4 SH+5}
HPRegen  0.39/turn              P - ring of protection from fire
MPRegen  0.15/turn              A - ring of Busmycoa {rElec rF+ rC+ rCorr Str-3, =R}

@: lethally poisoned (-2 -> -34), exhausted
A: retaliatory headbutt, horns 2, screaming 1, no stealth, inability to use
devices, unskilled 1, inexperienced 1
}: 3/15 runes: barnacled, abyssal, gossamer
a: Renounce Religion, Draw Out Power, Power Leap, Apocalypse


You were on level 5 of the Depths.
You worshipped Ru.
Ru was exalted by your worship.
You visited 6 branches of the dungeon, and saw 33 of its levels.
You visited the Abyss 1 time.
You visited 1 bazaar.

You collected 2639 gold pieces.
You spent 2299 gold pieces at shops.

Inventory:

Hand Weapons
 a - a +3 broad axe of flaming
 b - a +2 war axe of freezing
 k - a +3 battleaxe of freezing
 l - a +0 whip of electrocution
 x - a +0 war axe
 G - a +4 broad axe of distortion (weapon)
Missiles
 y - 2 throwing nets (quivered)
Armour
 c - a +1 kite shield (worn)
 f - a +2 pair of boots (worn)
 i - a +1 plate armour
 o - a +2 cloak (worn)
 D - the +9 plate armour of Benevolence (worn) {Int+4 Dex-2 Slay+5 Stlth-}
   (You bought it in a shop on level 2 of the Orcish Mines)

   It affects your intelligence (+4).
   It affects your dexterity (-2).
   It affects your accuracy and damage with ranged weapons and melee attacks
   (+5).
   It makes you less stealthy.
 E - a +2 pair of gloves of dexterity (worn)
 K - a +2 hat of willpower (worn)
Jewellery
 e - a +4 ring of protection
 A - the ring of Busmycoa (right hand) {rElec rF+ rC+ rCorr Str-3, =R}
   (You acquired it on level 1 of the Orcish Mines)

   [ring of resist corrosion]

   It affects your strength (-3).
   It protects you from fire.
   It protects you from cold.
   It insulates you from electricity.
   It provides partial protection from all sources of acid and corrosion.
 C - a +4 ring of evasion
 H - the amulet of Sumuny (around neck) {Reflect rElec Dex+4 SH+5}
   (You acquired it on level 1 of the Lair of Beasts)

   [amulet of reflection]

   It shields you and reflects attacks.
   It affects your dexterity (+4).
   It insulates you from electricity.
   It affects your SH (+5).
 J - an uncursed ring of protection from cold
 L - a cursed +4 ring of protection
 N - an uncursed ring of wizardry
 P - a ring of protection from fire (left hand)
 Q - an uncursed amulet of reflection
Scrolls
 n - 6 scrolls of remove curse {@r2}
 p - a scroll of fog
 s - 5 scrolls of teleportation {@r3}
 v - 5 scrolls of magic mapping {@r5}
 w - a scroll of enchant armour
 B - 2 scrolls of fear
 I - a scroll of summoning
 M - a scroll of blinking
 O - a scroll of amnesia
Potions
 d - 5 potions of cancellation
 g - 4 potions of haste {@q4}
 h - 4 potions of heal wounds {@q2}
 j - 6 potions of ambrosia
 m - 5 potions of lignification
 q - 4 potions of mutation
 r - 3 potions of magic
 t - 4 potions of invisibility
 u - 2 potions of flight
 z - a potion of curing {@q1}
 F - 2 potions of resistance {@q5}
 R - a potion of might {@q3}
 S - a potion of attraction


   Skills:
 * Level 19.5 Fighting
 - Level 20.0 Axes
 + Level 15.2 Armour
 + Level 13.8 Dodging
 + Level 14.4 Shields


You had 17 spell levels left.
You didn't know any spells.
Your spell library was empty.

Dungeon Overview and Level Annotations

Branches:
Dungeon (15/15)            Temple (0/1) D:4            Lair (3/6) D:8
 Shoals (4/4) Lair:2       Spider (4/4) Lair:3          Orc (2/2) D:10
    Elf (0/3) Orc:2        Vaults (0/5) D:13         Depths (5/5) D:15
    Zot (0/5) Depths:5

Altars:
Dithmenos
Fedhas
Okawaru
Qazlal
Ru
Trog
Vehumet
Wu Jian
Xom
The Shining One
Beogh

Shops:
D:11 ?   Orc:2 (*:[   Shoals:1 *

Portals:
Pandemonium: Depths:4

Annotations:
D:7 3 runed translucent doors, mokwee's ghost, novice OpVM
Lair:1 exclusion: oklob plant
Shoals:2 Roxanne
Spider:1 TheWayOfAllFlesh's ghost, journeyman DrTm


Innate Abilities, Weirdness & Mutations

You reflexively headbutt those who attack you in melee.
You have a pair of horns on your head.
You cannot be stealthy.
You cannot study or use magical devices.
You are somewhat unskilled. (-1 Apt)
You are somewhat inexperienced. (-2 XL)
You occasionally shout uncontrollably at your foes.


Message History

The wind drake is engulfed in poison gas.
The wind drake looks even sicker.
You block the wind drake's attack.
The komodo dragon is engulfed in poison gas.
The komodo dragon is poisoned.
You are too injured to fight recklessly!
You are too injured to fight recklessly!
You slash the hell knight!
Space bends around the hell knight!
Your headbutt misses the hell knight.
The hell knight is moderately wounded.
You hit the hell knight.
Space warps horribly around the hell knight!!
You closely miss the wind drake. You slice the death drake!!
Space warps horribly around the death drake.
You slash the yellow draconian stormcaller!
Space warps horribly around the yellow draconian stormcaller!
You hit the green draconian.
Space warps horribly around the green draconian!
You kill the green draconian!
You barely miss the necromancer.
You are engulfed in poison gas.
You are more poisoned.
You feel sick. You block the hell knight's attack.
The death drake barely misses you. You furiously retaliate!
You headbutt the death drake!!
The necromancer points at you and mumbles some strange words.
You resist with almost no effort.
The yellow draconian stormcaller hits you but does no damage.
The wind drake is engulfed in poison gas.
The wind drake looks even sicker.
The wind drake begins to attack, but is stunned by your conviction!
You feel better.
You are engulfed in poison gas.
You are poisoned.
You feel sick.
The komodo dragon is engulfed in poison gas.
The komodo dragon looks even sicker.
You block the hell knight's attack.
The green draconian hits you with a +2 scimitar of electrocution!
* * * LOW HITPOINT WARNING * * *
The green draconian tail-slaps you but does no damage.
You block the death drake's attack. The hell knight casts a spell at you.
Pain shoots through your body!
* * * LOW HITPOINT WARNING * * *
The wind drake bites you but does no damage.
The necromancer casts a spell at itself.
The necromancer flickers and vanishes!
Deactivating autopickup; reactivate with Ctrl-A.
You block the yellow draconian stormcaller's attack.
You barely miss the hell knight. Your headbutt misses the hell knight.
The hell knight is moderately wounded.
You slash something!
Space bends around something.
You slash the green draconian!
Space bends around the green draconian.
You completely miss the komodo dragon.
You barely miss the yellow draconian stormcaller.
You slash the death drake!
Space bends around the death drake.
You slash the wind drake!
Space warps horribly around the wind drake!
You kill the wind drake!
The wind drake's corpse disappears in a puff of smoke!
Your plate armour of Benevolence prevents you from hitting the hell knight.
You are engulfed in poison gas.
You are more poisoned.
* * * LOW HITPOINT WARNING * * *
You feel sick.
The komodo dragon is engulfed in poison gas.
The komodo dragon looks even sicker.
You redirect the komodo dragon's attack!
The komodo dragon completely misses the yellow draconian stormcaller.
You block the hell knight's attack. The death drake barely misses you.
The green draconian begins to attack, but is stunned by your conviction!
You block the hell knight's attack.
You hit the hell knight.
Space bends around the hell knight.
You headbutt the hell knight!
You kill the hell knight!
You hit the death drake but do no damage.
You slash the yellow draconian stormcaller!
Space bends around the yellow draconian stormcaller.
You slash the komodo dragon!
You hit the green draconian but do no damage.
You hit something.
Space bends around something.
You slice the hell knight!!
The hell knight is devoured by a tear in reality.
The komodo dragon blinks!
The death drake blinks!
A freezing mist starts to gather...
A hell knight simulacrum comes into view.
You are engulfed in poison gas.
You are lethally poisoned!
* * * LOW HITPOINT WARNING * * *
x2 You feel very sick.
Something hits you but does no damage.
The yellow draconian stormcaller calls down the wrath of Qazlal upon you.
Qazlal smites you!
* * * LOW HITPOINT WARNING * * *
The necromancer begins to cast a spell, but is stunned by your conviction!
You're too exhausted to draw out your power.
Blink to where?
Press: ? - help, Dir - move target
As you read the scroll of blinking, it crumbles to dust.
* * * LOW HITPOINT WARNING * * *
You feel very sick.
The yellow draconian stormcaller calls down the wrath of Qazlal upon you.
Qazlal smites you!
You die...

........##............
.........##.....#........
.........##...............
.........##...#........^..
.........##?.......##...##
.........##.#......#.....#
.........+#.....○.........
..........@....Z○q°...∩...
.......<.##.....§d§....l..
..####+####.#.k.§§{#p....
#.....§.§# ...#
#...#...... ..
#........... #.)...#......
#^...........
.≈≈≈...#...[.


You could see a green draconian (soul bound), a yellow draconian stormcaller
(poisoned), a death drake (summoned) and a hell knight simulacrum.

Vanquished Creatures
  Margery (Depths:4)
  Nikola (Spider:2)
  A quicksilver dragon (Depths:4)
  Gastronok (Lair:2)
  A kraken (Shoals:2)
  2 tentacled starspawn (Abyss:3)
  A shadow dragon (Depths:4)
  A revenant (Abyss:3)
  3 fire giants
  2 frost giants
  An orc warlord (Orc:1)
  10 emperor scorpions
  4 ghost moths
  A draconian stormcaller (Depths:5)
  3 very ugly things (Depths:1)
  3 stone giants
  2 slime creatures (Depths:2)
  A green draconian (Depths:5)
  2 vampire knights (Depths:4)
  A black draconian (Depths:5)
  2 spark wasps (Depths:1)
  An entropy weaver (Spider:1)
  3 fire dragons
  2 merfolk javelineers
  Josephine (D:15)
  5 ettins
  9 merfolk impalers
  3 great orbs of eyes
  4 ogre magi
  Erolcha (D:13)
  Harold (D:9)
  3 ice dragons
  6 hydras
  4 boulder beetles
  2 yaktaur captains (Depths:4)
  A spriggan air mage (Depths:4)
  4 rakshasas
  An alligator snapping turtle (Shoals:4)
  3 centaur warriors
  A merfolk aquamancer (Shoals:4)
  A deep troll shaman (Depths:2)
  A death knight (D:15)
  12 two-headed ogres
  An orc high priest (Orc:2)
  3 hell hogs (Abyss:3)
  A satyr (Shoals:2)
  A vampire mage (Depths:2)
  4 tengu warriors
  Urug (Orc:2)
  Sonja (D:13)
  12 hell knights
  A thrashing horror (Abyss:3)
  2 wretched stars (Abyss:3)
  An unseen horror (D:13)
  6 skeletal warriors
  A fire crab (Lair:2)
  5 sea snakes
  2 spatial maelstroms (Abyss:3)
  A shadow wraith (Abyss:3)
  2 flayed ghosts
  3 wizards
  Pikel (D:4)
  A deep elf archer (D:13)
  2 glowing orange brains (Depths:1)
  A wolf spider zombie (D:14)
  2 phantasmal warriors (Depths:4)
  15 harpies
  18 wolf spiders
  2 necromancers
  2 orc sorcerers (Orc:2)
  20 orb spiders
  4 orc knights
  A shadow dragon skeleton (Depths:1)
  7 fauns
  A worldbinder (Abyss:3)
  17 ugly things
  2 deep elf magi
  5 cyclopes
  9 manticores
  A moth of wrath (Spider:1)
  2 smoke demons (Abyss:3)
  A water nymph (Shoals:2)
  4 merfolk sirens
  A frost giant skeleton (Depths:1)
  4 black mambas (Lair:2)
  3 gargoyles
  8 centaur skeletons
  5 cane toads
  A kobold demonologist (D:13)
  7 komodo dragons
  A freezing wraith (D:15)
  2 rime drakes (Lair:2)
  A rime drake (shapeshifter) (Depths:2)
  3 yaktaurs
  14 demonic crawlers
  4 tengu conjurers
  A silent spectre (Abyss:3)
  7 trolls
  A queen bee (Spider:3)
  An ancient zyme (Abyss:3)
  20 jumping spiders
  A queen bee (shapeshifter) (Depths:4)
  13 merfolk
  3 meliai (Spider:3)
  A polar bear (Lair:3)
  A troll (shapeshifter) (D:15)
  15 blink frogs (Lair:2)
  2 wind drakes
  3 hornets
  2 snapping turtles
  2 raiju (Abyss:3)
  Grinder (D:3)
  5 starcursed masses (Abyss:3)
  8 water elementals
  Sigmund (D:4)
  5 large abominations (Abyss:3)
  43 redbacks
  A vampire (D:14)
  7 wraiths (D:15)
  An ice dragon skeleton (Depths:1)
  46 yaks
  28 tarantellas
  A fire bat (Abyss:3)
  2 neqoxecs (Abyss:3)
  2 wyverns (Lair:2)
  3 humans (Depths:4)
  A chaos spawn (Abyss:3)
  A basilisk (Lair:2)
  Grum (D:9)
  Menkaure (D:4)
  2 wargs (Orc:1)
  7 spatial vortices (Abyss:3)
  12 water moccasins
  Duvessa (D:7)
  2 acid dragons
  A floating eye (Abyss:3)
  17 orc warriors
  3 ice beasts
  4 sky beasts
  An eye of draining (D:14)
  3 black bears (D:8)
  25 wolves
  16 ogres
  2 phantoms
  4 lemures (D:4)
  16 centaurs
  7 big kobolds
  A wyvern zombie (D:14)
  A gnoll sergeant (D:7)
  3 small abominations (Abyss:3)
  12 bullfrogs
  Dowan (D:7)
  6 scorpions
  15 killer bees (Spider:3)
  6 spriggan skeletons (D:12)
  13 wights
  5 centaur zombies
  A quasit (D:7)
  10 hounds
  Crazy Yiuf (D:4)
  13 orc priests
  A jelly (D:12)
  16 orc wizards
  4 bullfrog skeletons
  2 bullfrog zombies
  4 iguanas
  10 worker ants
  2 hound zombies
  2 hound skeletons
  A howler monkey zombie (D:8)
  3 gnolls (D:7)
  11 adders
  3 shadow imps
  5 white imps
  2 ufetubi
  3 adder skeletons
  4 worms
  A dart slug (D:3)
  10 leopard geckos
  76 orcs
  8 giant cockroaches
  8 goblins
  8 hobgoblins
  8 jackals
  5 quokkas
  A ball python (D:3)
  A ball python skeleton (D:4)
  6 bats
  2 frilled lizards
  25 kobolds
  A leopard gecko skeleton (D:6)
  A leopard gecko zombie (D:6)
  4 rats
  2 starspawn tentacles (Abyss:3)
  2 tentacles (Shoals:2)
1017 creatures vanquished.

Vanquished Creatures (collateral kills)
  2 redbacks (Spider:1)
2 creatures vanquished.

Vanquished Creatures (others)
  A ghost moth (Spider:4)
  A stone giant (Depths:2)
  2 ettins (Abyss:3)
  A fire dragon (Depths:4)
  A hell knight (Depths:4)
  A flayed ghost (Abyss:3)
  3 harpies
  2 wolf spiders (Spider:2)
  A manticore (Shoals:4)
  A cane toad (Lair:3)
  A centaur skeleton (D:13)
  A tengu conjurer (Depths:2)
  A snapping turtle (Shoals:4)
  4 redbacks (Spider:2)
  A yak (D:11)
  A water elemental (Shoals:4)
  A human (Depths:4)
  An orc warrior (Orc:2)
  A wolf (Lair:2)
  An ogre (D:15)
  2 centaurs
  A killer bee (Spider:3)
  A troll skeleton (D:12)
  An orc (D:13)
  A kobold (D:10)
  46 fungi
  164 plants
  4 starspawn tentacles (Abyss:3)
  11 tentacles (Shoals:2)
258 creatures vanquished.

Grand Total: 1277 creatures vanquished

Notes
Turn   | Place    | Note
-------+----------+-------------------------------------------
     0 | D:1      | EnegeticOcto the Minotaur Fighter began the quest for the
                  | Orb.
     0 | D:1      | Reached XP level 1. HP: 19/19 MP: 0/0
   293 | D:1      | Reached XP level 2. HP: 27/27 MP: 1/1
   437 | D:1      | Reached skill level 3 in Axes
   830 | D:1      | Reached XP level 3. HP: 33/33 MP: 2/2
  1025 | D:2      | Found a faded altar of an unknown god.
  1283 | D:2      | Found a radiant altar of Vehumet.
  1404 | D:2      | Found an ornate altar of the Wu Jian Council.
  1565 | D:2      | Found a glowing golden altar of the Shining One.
  1784 | D:3      | Found a sacrificial altar of Ru.
  1792 | D:3      | Became a worshipper of Ru the Awakened
  1818 | D:3      | Noticed Grinder
  1824 | D:3      | Killed Grinder
  1825 | D:3      | Reached skill level 4 in Axes
  1825 | D:3      | Reached skill level 1 in Dodging
  1825 | D:3      | Reached XP level 4. HP: 41/41 MP: 3/3
  1825 | D:3      | Reached XP level 5. HP: 47/47 MP: 4/4
  2104 | D:3      | Reached XP level 6. HP: 50/53 MP: 5/5
  2115 | D:3      | Reached skill level 5 in Axes
  2190 | D:3      | Found a blossoming altar of Fedhas.
  2206 | D:3      | Reached skill level 5 in Armour
  2535 | D:4      | Reached skill level 5 in Fighting
  2590 | D:4      | Found a staircase to the Ecumenical Temple.
  2611 | D:4      | Noticed Sigmund
  2616 | D:4      | Reached skill level 5 in Shields
  2636 | D:4      | Killed Sigmund
  2637 | D:4      | Reached skill level 6 in Axes
  2637 | D:4      | Reached XP level 7. HP: 22/61 MP: 6/6
  2638 | D:4      | Gained mutation: You cannot study or use magical devices.
                  | [Ru sacrifice]
  2638 | D:4      | Reached * piety under Ru
  2638 | D:4      | Reached ** piety under Ru
  3070 | D:4      | Noticed Pikel
  3333 | D:4      | Noticed Menkaure
  3341 | D:4      | Killed Menkaure
  3655 | D:4      | Killed Pikel
  3656 | D:4      | Reached skill level 7 in Axes
  3656 | D:4      | Reached XP level 8. HP: 43/71 MP: 7/7
  3998 | D:4      | Found a runed translucent door.
  3999 | D:4      | Noticed Crazy Yiuf
  4006 | D:4      | Killed Crazy Yiuf
  4123 | D:5      | Entered Level 5 of the Dungeon
  4329 | D:5      | Reached skill level 8 in Axes
  4666 | D:6      | Found an iron altar of Okawaru.
  4794 | D:6      | Reached XP level 9. HP: 73/79 MP: 8/8
  4844 | D:6      | Found a shadowy altar of Dithmenos.
  5433 | D:6      | Reached skill level 9 in Axes
  5433 | D:6      | Gained mutation: You are somewhat unskilled. (-1 Apt) [Ru
                  | sacrifice]
  5433 | D:6      | Reduced skill Axes to level 8
  5433 | D:6      | Reached *** piety under Ru
  5433 | D:6      | Reached **** piety under Ru
  5490 | D:6      | Noticed a purple ugly thing
  5510 | D:6      | Killed a purple ugly thing
  6085 | D:7      | Reached skill level 5 in Dodging
  6095 | D:7      | Reached skill level 9 in Axes
  6315 | D:7      | Found a bloodstained altar of Trog.
  6356 | D:7      | Found a shimmering altar of Xom.
  6356 | D:7      | Found a shimmering altar of Xom.
  6356 | D:7      | Found a shimmering altar of Xom.
  6357 | D:7      | Found a shimmering altar of Xom.
  6358 | D:7      | Found a shimmering altar of Xom.
  6358 | D:7      | Found a shimmering altar of Xom.
  6536 | D:7      | Found a runed translucent gate.
  6537 | D:7      | Found a runed translucent gate.
  6538 | D:7      | Found a runed translucent gate.
  6539 | D:7      | Noticed mokwee's ghost (novice OpVM)
  6625 | D:7      | Found a stormy altar of Qazlal.
  6842 | D:7      | Noticed Duvessa
  6843 | D:7      | Noticed Dowan
  6859 | D:7      | Killed Duvessa
  6863 | D:7      | Killed Dowan
  7032 | D:8      | Noticed a troll
  7040 | D:8      | Killed a troll
  7148 | D:8      | Reached XP level 10. HP: 74/86 MP: 9/9
  7395 | D:8      | Found a staircase to the Lair.
  7468 | D:8      | Reached skill level 10 in Axes
  7959 | D:9      | Noticed Grum
  7972 | D:9      | Killed Grum
  7978 | D:9      | Gained mutation: You are somewhat inexperienced. (-2 XL)
                  | [Ru sacrifice]
  7978 | D:9      | Reached XP level 9. HP: 58/81 MP: 17/17
  7978 | D:9      | Reached XP level 8. HP: 58/74 MP: 16/16
  7978 | D:9      | Reached ***** piety under Ru
  8086 | D:9      | Noticed Harold
  8097 | D:9      | Noticed a troll
  8098 | D:9      | Killed Harold
  8099 | D:9      | Reached XP level 9. HP: 75/81 MP: 8/8
  8108 | D:9      | Killed a troll
  8934 | D:10     | Entered Level 10 of the Dungeon
  8936 | D:10     | Noticed a troll
  8944 | D:10     | Killed a troll
  8946 | D:10     | Reached skill level 11 in Axes
  9131 | D:10     | Noticed a deep elf mage
  9136 | D:10     | Reached XP level 10. HP: 84/90 MP: 9/9
  9139 | D:10     | Killed a deep elf mage
  9139 | D:10     | Noticed a wizard
  9152 | D:10     | Killed a wizard
  9334 | D:10     | Noticed a wizard
  9335 | D:10     | Noticed a wizard
  9337 | D:10     | Paralysed by a wizard for 4 turns
  9343 | D:10     | Killed a wizard
  9479 | D:10     | Gained mutation: You cannot be stealthy. [Ru sacrifice]
  9479 | D:10     | Reached ****** piety under Ru
  9576 | D:10     | Found a staircase to the Orcish Mines.
  9742 | D:11     | Found Hubi's Magic Scroll Shoppe.
  9822 | D:11     | Noticed a green ugly thing
  9831 | D:11     | Killed a green ugly thing
  9968 | D:11     | Noticed a boulder beetle
 10016 | D:11     | Killed a boulder beetle
 10017 | D:11     | Reached skill level 12 in Axes
 10216 | D:11     | Reached XP level 11. HP: 89/97 MP: 10/10
 10461 | D:11     | Noticed a two-headed ogre
 10474 | D:11     | Killed a two-headed ogre
 10764 | D:11     | You fall into a shaft and drop 2 floors!
 11132 | D:13     | Noticed Erolcha
 11149 | D:13     | Killed Erolcha
 11341 | D:13     | Noticed a deep elf mage
 11341 | D:13     | Noticed a deep elf archer
 11360 | D:13     | Killed a deep elf mage
 11368 | D:13     | Noticed a skeletal warrior
 11372 | D:13     | Noticed an orc knight
 11387 | D:13     | Killed an orc knight
 11388 | D:13     | Reached skill level 13 in Axes
 11392 | D:13     | Reached skill level 10 in Armour
 11393 | D:13     | Killed a deep elf archer
 11394 | D:13     | Reached skill level 10 in Fighting
 11401 | D:13     | Killed a skeletal warrior
 11565 | D:13     | Found a gate to the Vaults.
 11670 | D:13     | Noticed a tengu warrior
 11674 | D:13     | Noticed a white ugly thing
 11682 | D:13     | Killed a tengu warrior
 11692 | D:13     | Killed a white ugly thing
 11693 | D:13     | Reached XP level 12. HP: 55/105 MP: 11/11
 11938 | D:13     | Noticed a boulder beetle
 11960 | D:13     | Killed a boulder beetle
 12198 | D:13     | Noticed Sonja
 12205 | D:13     | Killed Sonja
 12913 | D:12     | Noticed a boulder beetle
 12923 | D:12     | Killed a boulder beetle
 13620 | D:12     | Noticed a two-headed ogre
 13628 | D:12     | Killed a two-headed ogre
 13725 | D:12     | Reached skill level 14 in Axes
 14039 | Orc:1    | Entered Level 1 of the Orcish Mines
 14568 | Orc:1    | Identified a scroll of acquirement
 14568 | Orc:1    | Acquired the ring of Busmycoa {rElec rF+ rC+ rCorr Str-3}
 14584 | Orc:2    | Entered Level 2 of the Orcish Mines
 14774 | Orc:2    | Found a staircase to the Elven Halls.
 14837 | Orc:2    | Noticed Urug
 14837 | Orc:2    | Noticed an orc high priest
 14838 | Orc:2    | Noticed an orc warlord
 15234 | Orc:2    | Killed an orc high priest
 15271 | Orc:1    | Killed an orc warlord
 15470 | Orc:1    | Reached XP level 13. HP: 96/115 MP: 12/12
 15607 | Orc:2    | Found a roughly hewn altar of Beogh.
 15623 | Orc:2    | Found Syallof's General Store.
 15629 | Orc:2    | Killed Urug
 15696 | Orc:2    | Found Cumynai's Antique Weapon Emporium.
 15711 | Orc:2    | Bought a glowing broad axe for 189 gold pieces
 15728 | Orc:2    | Bought the +9 plate armour of Benevolence {Int+4 Dex-2
                  | Slay+5 Stlth-} for 1482 gold pieces
 15738 | Orc:2    | Bought a scroll of teleportation for 45 gold pieces
 15766 | Orc:2    | Found a roughly hewn altar of Beogh.
 15803 | Orc:2    | Found Xuguudylu's Book Emporium.
 15818 | Orc:2    | Found Lourau's Antique Armour Emporium.
 16108 | Lair:1   | Entered Level 1 of the Lair of Beasts
 16321 | Lair:1   | Acquired a manual of Fighting
 16323 | Lair:1   | Acquired the amulet of Sumuny {Reflect rElec Dex+4 SH+5}
 16450 | Lair:1   | Reached skill level 10 in Shields
 16607 | Lair:1   | Found a gate leading to a gauntlet.
 16713 | Lair:2   | Reached skill level 15 in Axes
 16714 | Lair:2   | Reached skill level 10 in Dodging
 16962 | Lair:2   | Noticed Gastronok
 16973 | Lair:2   | Killed Gastronok
 17345 | Lair:2   | Found a staircase to the Shoals.
 17669 | Lair:2   | Reached XP level 14. HP: 99/127 MP: 13/13
 18391 | Lair:3   | Found a hole to the Spider Nest.
 18491 | Shoals:1 | Entered Level 1 of the Shoals
 18528 | Shoals:1 | Found Poewn's Assorted Antiques.
 18622 | Shoals:1 | Bought a runed broad axe for 231 gold pieces
 18622 | Shoals:1 | Bought a scroll labelled TILEFRERIUBB for 33 gold pieces
 18626 | Shoals:1 | Bought a scroll of magic mapping for 115 gold pieces
 18904 | Shoals:2 | Identified Roxanne's Papyrus of the Rocks
 18904 | Shoals:2 | Noticed Roxanne
 18927 | Shoals:2 | Reached skill level 16 in Axes
 18965 | Shoals:2 | Noticed a kraken
 18984 | Shoals:2 | Killed a kraken
 19322 | Shoals:4 | Entered Level 4 of the Shoals
 19670 | Shoals:4 | Noticed a frost giant
 19686 | Shoals:4 | Identified the ring "Trusted Companion" {*Tele rF++ Str+2
                  | Dex+3}
 19691 | Shoals:4 | Killed a frost giant
 19692 | Shoals:4 | Reached skill level 15 in Fighting
 19692 | Shoals:4 | Reached XP level 15. HP: 66/141 MP: 14/14
 19735 | Shoals:4 | Got a barnacled rune of Zot
 19937 | Spider:1 | Entered Level 1 of the Spider Nest
 19968 | Spider:1 | Reached skill level 17 in Axes
 20303 | Spider:2 | Noticed Nikola
 20323 | Spider:2 | Killed a ghost moth
 20548 | Spider:2 | Killed Nikola
 20709 | Spider:3 | Reached XP level 16. HP: 141/154 MP: 15/15
 20850 | Spider:4 | Entered Level 4 of the Spider Nest
 21489 | Spider:4 | Reached skill level 18 in Axes
 21631 | Spider:4 | Got a gossamer rune of Zot
 21790 | Spider:1 | Noticed TheWayOfAllFlesh's ghost (journeyman DrTm)
 22846 | D:15     | Entered Level 15 of the Dungeon
 22863 | D:15     | Found a bloodstained altar of Trog.
 23065 | D:15     | Reached XP level 17. HP: 154/163 MP: 16/16
 23196 | D:15     | Found a staircase to the Depths.
 23404 | D:15     | Found a flickering gateway to a bazaar.
 23410 | Bazaar   | Entered a bazaar
 23410 | Bazaar   | Found Keedurr's General Store.
 23410 | Bazaar   | Found Fuwuxt's Antique Armour Shoppe.
 23410 | Bazaar   | Found Topyw's Book Emporium.
 23411 | Bazaar   | Found Vobigh's Magic Scroll Shop.
 23436 | Bazaar   | Bought a potion of haste for 90 gold pieces
 23448 | Bazaar   | Bought a scroll of teleportation for 36 gold pieces
 23448 | Bazaar   | Bought a scroll of teleportation for 36 gold pieces
 23448 | Bazaar   | Bought a scroll of magic mapping for 42 gold pieces
 23464 | D:15     | Noticed Josephine
 23476 | D:15     | Killed Josephine
 23743 | Depths:1 | Entered Level 1 of the Depths
 24019 | Depths:1 | Reached skill level 19 in Axes
 24575 | Depths:4 | Noticed Margery
 24576 | Depths:4 | Found a one-way gate leading to the halls of Pandemonium.
 24594 | Depths:4 | Noticed a quicksilver dragon
 24826 | Depths:4 | Killed a quicksilver dragon
 24828 | Depths:4 | Reached XP level 18. HP: 153/161 MP: 8/17
 24836 | Depths:4 | Killed Margery
 24886 | Depths:4 | Gained mutation: You occasionally shout uncontrollably at
                  | your foes. [mutagenic glow]
 24887 | Depths:4 | Cast into level 3 of the Abyss (unwielding a weapon of
                  | distortion)
 25107 | Abyss:3  | Reached skill level 15 in Armour
 25573 | Abyss:3  | Got an abyssal rune of Zot
 25634 | Abyss:3  | Found a corrupted altar of Lugonu.
 25644 | Depths:4 | Escaped the Abyss
 25662 | Depths:5 | Entered Level 5 of the Depths
 25670 | Depths:5 | Found a gate to the Realm of Zot.
 25676 | Depths:5 | Reached skill level 20 in Axes
 25677 | Depths:5 | Noticed a bone dragon
 25688 | Depths:5 | Banished a bone dragon
 25695 | Depths:5 | Killed from afar by a yellow draconian stormcaller

Illustrated notes

Levels and vault maps discovered:
D:1:      dpeg_arrival_long_road, layout_loops_corners, roderic_serpentine_path,
          st_stairs_10
D:2:      layout_rooms, lemuel_crystal_altar, lemuel_coloured_pillars_altar,
          chequers_ecumenical_altar_simple, amcnicky_mini_rare_corridor_liquid,
          tso_altar
D:3:      layout_basic, nicolae_overflow_crystal_walls,
          nicolae_ru_sacrificial_ziggurat, grunt_ministairs_11, uniq_grinder
D:4:      layout_basic, minmay_temple_entry_slanted, kennysheep_boxes,
          uniq_sigmund, uniq_pikel, uniq_menkaure, uniq_crazy_yiuf_cottage
D:5:      layout_gridville
D:6:      cheibrodos_barr_body, layout_loops_corners, overflow_temple_1_default,
          nicolae_dithmenos_through_a_glass_darkly
D:7:      layout_basic, bloody_trog, xom_shifter_show,
          nicolae_qazlal_general_emergency, serial_glass, glass_columns_c,
          glass_columns_a, glass_columns_b, glass_columns_a, glass_columns_b,
          gammafunk_ghost_nasty_kobolds, uniq_duvessa
D:8:      layout_layer_cave, due_lair_maze_entry_diamond
D:9:      layout_irregular_city, uniq_grum, uniq_harold
D:10:     layout_cave_pools, orc_0_dummy, bh_hangedman_babel_library
D:11:     minmay_chambers_of_sevens, layout_gridville, serial_shops, shop
D:12:     layout_roguey, hangedman_tell_no_tales
D:13:     layout_layer_cave, hangedman_vaults_entry_quadrant_bands,
          uniq_erolcha, uniq_sonja
D:14:     layout_irregular_city, minmay_misc_feat_rugged
D:15:     grunt_enter_depths_hoard, layout_small_grid, serial_shops,
          bzr_in_the_mist, basic_altar, nicolae_lava_and_water, uniq_josephine
Lair:1:   layout_hall_layers, gauntlet_entry_generic, minmay_lair_oklob_chamber
Lair:2:   nzn_winding_woodlands_three_and_one
          [nzn_winding_woodlands_5x15_river_crossing,
          nzn_winding_woodlands_5x15_cabin,
          nzn_winding_woodlands_5x15_pathside_ponds,
          nzn_winding_woodlands_center_triple_pond], layout_long_grid,
          minmay_shoals_entry_centaurs, uniq_gastronok
Lair:3:   layout_hall_layers, nicolae_spider_entry_orb_guardian
Shoals:1: layout_shoals, serial_shops,
          nicolae_shop_temple_entry_statues_fountains, argonaut_gorgonesque
Shoals:2: layout_shoals, uniq_roxanne
Shoals:3: layout_shoals, gammafunk_ghost_cemetery
Shoals:4: shoals_end_grunt_ice, layout_shoals, uniq_donald, uniq_polyphemus
Spider:1: layout_spider_delve, gammafunk_ghost_abyssal_escape
Spider:2: layout_spider_delve, guppyfry_spider_mini_1, uniq_nikola
Spider:3: layout_spider_delve, special_room [special_room_bee]
Spider:4: grunt_spider_rune_circles
Orc:1:    layout_caves
Orc:2:    grunt_orc_cross, layout_diamond_mine, basic_altar
Depths:1: layout_basic, hell_entry, serial_bayou_shore_a,
          kennysheep_minor_cross, horrible_house_mu, minmay_shop_grove
Depths:2: kennysheep_room_grid, layout_cave_pools,
          minmay_misc_feat_four_crosses, grunt_mini_vestibule,
          serial_co_window_serial, co_window_paths_a, co_window_corner_a,
          co_window_paths_a, co_window_of_opportunity_a, co_window_paths_a,
          co_window_corner_b, co_window_cross_4, glass_columns_a,
          glass_columns_a
Depths:3: minmay_the_grid_triangle_9x9_rhombus_thin_mashed
          [minmay_the_grid_triangle_9x9_sprig,
          minmay_the_grid_triangle_9x9_prize_schism,
          minmay_the_grid_triangle_9x9_dagger,
          minmay_the_grid_triangle_9x9_thin_v], layout_gridlike,
          grunt_pan_entry_in_and_out, hell_entry, st_stairs_5, minmay_shop_star,
          infiniplex_staircase_squiggle
Depths:4: cell_vault, layout_cave_pools, enter_ziggurat_b, minmay_misc_feat_iff,
          serial_shops, bzr_entry_customers, hell_entry, abyss_entry, pan_entry,
          uniq_margery
Depths:5: evilmike_zot_entry_argh, layout_gridlike, serial_shops,
          shop_fountains, hell_entry

Skill      XL: |  1  2  3  4  5  6  7  8  9 10 11 12 13 14 15 16 17 18 |
---------------+-------------------------------------------------------+-----
Axes           | 3 4 6 7 8 11 12 13 14 15 16 17 18 19 20 | 20.0
Armour         | 4 5 6 8 7 9 10 11 12 13 14 15 | 15.2
Fighting       | 4 5 6 8 7 9 10 12 15 16 17 18 19 | 19.5
Shields        | 4 5 6 7 8 9 10 11 12 13 14 | 14.4
Dodging        | 1 2 3 4 5 7 8 9 10 11 12 13 | 13.8

Action                   |  1- 3 |  4- 6 |  7- 9 | 10-12 | 13-15 | 16-18 || total
-------------------------+-------+-------+-------+-------+-------+-------++-------
Melee: War axe           |    86 |    95 |   376 |   453 |    44 |       ||  1054
       Headbutt          |    11 |    18 |    92 |   134 |   163 |   248 ||   666
       Battleaxe         |       |       |    74 |    93 |       |       ||   167
       Broad axe         |       |       |       |       |   673 |   824 ||  1497
Invok: Sacrifice Artific |       |       |     1 |       |       |       ||     1
       Sacrifice Experie |       |       |     1 |       |       |       ||     1
       Sacrifice Skill   |       |       |     1 |       |       |       ||     1
       Sacrifice Stealth |       |       |       |     1 |       |       ||     1
       Draw Out Power    |       |       |       |     4 |     7 |     9 ||    20
       Apocalypse        |       |       |       |       |     3 |     1 ||     4
  Use: Scroll            |       |     5 |    15 |     4 |    17 |    12 ||    53
       Potion            |       |     1 |       |       |     2 |     8 ||    11
 Stab: Distracted        |       |       |     2 |     4 |     1 |     4 ||    11
       Paralysed         |       |       |       |    11 |    11 |    11 ||    33
       Invisible         |       |       |       |     1 |     4 |     8 ||    13
       Confused          |       |       |       |     1 |       |       ||     1
       Held in net/web   |       |       |       |       |     1 |       ||     1
Armor: Scale mail        |    21 |       |       |       |       |       ||    21
       Plate armour      |    17 |    60 |   280 |   246 |   397 |   323 ||  1323
Dodge: Dodged            |    29 |    16 |   122 |   148 |   305 |   262 ||   882
Block: Kite shield       |    43 |    49 |   202 |   220 |   728 |   639 ||  1881
       Reflection        |       |       |       |       |    37 |    43 ||    80

Table legend: (Time is in decaauts)
 A = Elapsed time spent in this place.
 B = Non-inter-level travel time spent in this place.
 C = Inter-level travel time spent in this place.
 D = Time resting spent in this place.
 E = Time spent auto-exploring this place.
 F = Levels seen in this place.
 G = Mean time per level.
                   A        B        C        D        E       F      G
               +--------+--------+--------+--------+--------+-----+--------+
         Total |  25671 |  24313 |   1358 |   1315 |  17963 |  35 |  733.5 |
       Dungeon |  15998 |  15324 |    674 |     25 |  12888 |  15 | 1066.5 |
          Lair |   2748 |   2479 |    269 |    253 |   1762 |   3 |  916.0 |
        Shoals |   1457 |   1294 |    163 |    141 |    599 |   4 |  364.2 |
   Spider Nest |   1584 |   1432 |    152 |    122 |    676 |   4 |  396.0 |
  Orcish Mines |   1995 |   1926 |     69 |    345 |   1271 |   2 |  997.5 |
        Depths |   1119 |   1091 |     28 |    388 |    352 |   5 |  223.8 |
         Abyss |    721 |    721 |      0 |     41 |    389 |   1 |  721.0 |
        Bazaar |     44 |     44 |      0 |      0 |     25 |   1 |   44.0 |
               +--------+--------+--------+--------+--------+-----+--------+

Top non-repeatable levels by time:
    D:13: 2158 daAuts
     D:4: 1615 daAuts
  Lair:2: 1457 daAuts
     D:6: 1300 daAuts
    D:11: 1206 daAuts
   Orc:1: 1195 daAuts
     D:7: 1100 daAuts
     D:1: 1048 daAuts
     D:9: 1007 daAuts
     D:8: 997 daAuts
    D:12: 975 daAuts
    D:10: 891 daAuts
    D:15: 831 daAuts
Spider:4: 828 daAuts
    D:14: 814 daAuts
